 Dungeon Crawl Stone Soup version 0.20.1-1-g8b1a95d (webtiles) character file.

554 empire the Chopper (level 7, -1/61 HPs)
             Began as a Minotaur Fighter on Oct 27, 2017.
             Slain by a slave (6 damage)
             ... led by Pikel
             ... on level 4 of the Dungeon.
             The game lasted 00:05:54 (2655 turns).

empire the Chopper (Minotaur Fighter)               Turns: 2655, Time: 00:05:54

Health: -1/61      AC: 11    Str: 28    XL:     7   Next: 8%
Magic:  6/6        EV:  9    Int:  5    God:
Gold:   143        SH:  0    Dex:  9    Spells: 6/6 levels left

rFire    + . .     SeeInvis .   a - +0 war axe
rCold    x . .     Gourm    .   c - +0 shield
rNeg     . . .     Faith    .   B - +0 scale mail
rPois    .         Spirit   .   (helmet restricted)
rElec    .         Reflect  .   (no cloak)
rCorr    .         Harm     .   y - +2 pair of gloves
MR       .....                  k - +0 pair of boots
Stlth    ..........             (no amulet)
Regen    0.2/turn               s - ring of fire
MPRegen  0.1/turn               (no ring)

@: confused, mighty, flying, hasted, very quick
A: retaliatory headbutt, horns 2
a: no special abilities


You were on level 4 of the Dungeon.
You were not hungry.

You visited 1 branch of the dungeon, and saw 4 of its levels.

You collected 143 gold pieces.

Inventory:

Hand Weapons
 a - a +0 war axe (weapon)
 b - a +0 scythe
Armour
 c - a +0 shield (worn)
 k - a +0 pair of boots (worn)
 y - a +2 pair of gloves (worn)
 B - a +0 scale mail (worn)
Jewellery
 s - a ring of fire (left hand)
 D - an uncursed ring of fire
Wands
 C - a wand of random effects (28/48)
Scrolls
 e - 5 scrolls of identify
 j - a scroll of noise {unknown}
 l - 3 scrolls of teleportation
 n - 2 scrolls of magic mapping
 o - a scroll of fear
 v - a scroll of remove curse
 w - a scroll of blinking {unknown}
 x - 2 scrolls of immolation {unknown}
Potions
 g - 2 potions of haste
 i - 3 potions of curing
 m - 2 potions of flight
 q - a potion of lignification {unknown}
 r - a potion of heal wounds {unknown}
 t - a potion of degeneration {unknown}
 u - a potion of ambrosia
 z - a potion of agility {unknown}
Comestibles
 f - 4 bread rations
 h - 3 meat rations
 p - 3 royal jellies
 A - a chunk of flesh


   Skills:
 + Level 5.4 Fighting
 * Level 5.7 Axes
 + Level 5.0 Armour
 + Level 3.1 Dodging
 + Level 4.8 Shields


You had 6 spell levels left.
You didn't know any spells.

Dungeon Overview and Level Annotations

Branches:
Dungeon (4/15)
 Temple: D:4-7

Altars:

Annotations:
D:4 Pikel


Innate Abilities, Weirdness & Mutations

You reflexively headbutt those who attack you in melee.
You have a pair of horns on your head.


Message History

Pikel is moderately wounded.
Your shield and scale mail prevent you from hitting the slave.
You slash the slave! You slash the quokka!
You kill the quokka!
You block the slave's attack. x2; Pikel hits you but does no damage.
Unknown command.
It was a potion of curing.
You feel better. You block the slave's attack. The slave hits you.
* * * LOW HITPOINT WARNING * * *
It was a potion of flight.
You feel very buoyant.
You fly up into the air.
You block Pikel's attack.
It was a potion of ambrosia.
You are confused.
You feel invigorated. The slave barely misses you. The slave hits you.
* * * LOW HITPOINT WARNING * * *
Okay, then.
You're too confused to move!
Pikel hits you but does no damage. The slave hits you.
You die...

......).>..........##.####....# .
#............###................#
##........##...................
..........................#...
#............###........
#..........#.##...[.>...
#........[..............
#..........##..pp.......
##........####.#@.......
##......## #pK..#..... #####...
......## .... #######...## ###
#..## .$.# ...# ####


You could see Pikel and 3 slaves.

Vanquished Creatures
  Sigmund (D:4)
  A slave (D:4)
  An ogre (D:4)
  A scorpion (D:3)
  2 orc priests (D:3)
  Ijyb (D:4)
  5 adders
  2 adder skeletons (D:4)
  5 worms
  3 dart slugs
  8 leopard geckos
  6 orcs
  6 giant cockroaches
  7 goblins
  5 hobgoblins
  7 jackals
  A quokka (D:4)
  A ball python (D:1)
  7 bats
  7 frilled lizards
  10 kobolds
  13 rats
100 creatures vanquished.

Vanquished Creatures (others)
  The ghost of Alioren the Skirmisher, an amateur MiFi (D:4)
1 creature vanquished.

Grand Total: 101 creatures vanquished

Notes
Turn   | Place    | Note
-------+----------+-------------------------------------------
     0 | D:1      | empire the Minotaur Fighter began the quest for the Orb.
     0 | D:1      | Reached XP level 1. HP: 19/19 MP: 0/0
     3 | D:1      | Noticed an electric eel
     3 | D:1      | Noticed an electric eel
   281 | D:1      | Reached XP level 2. HP: 27/27 MP: 1/1
   456 | D:1      | Reached skill level 1 in Dodging
   635 | D:1      | Reached XP level 3. HP: 31/33 MP: 2/2
  1402 | D:2      | Reached XP level 4. HP: 30/40 MP: 3/3
  1824 | D:3      | Reached XP level 5. HP: 47/47 MP: 4/4
  2261 | D:4      | Killed Alioren's ghost
  2377 | D:4      | Noticed Sigmund
  2391 | D:4      | Killed Sigmund
  2391 | D:4      | Reached skill level 5 in Fighting
  2391 | D:4      | Reached skill level 5 in Axes
  2391 | D:4      | Reached XP level 6. HP: 51/56 MP: 5/5
  2473 | D:4      | Noticed Ijyb
  2487 | D:4      | Killed Ijyb
  2618 | D:4      | Reached skill level 5 in Armour
  2618 | D:4      | Reached XP level 7. HP: 45/61 MP: 6/6
  2641 | D:4      | Noticed Pikel
  2650 | D:4      | HP: 3/61 [Pikel/whip of electrocution (10)]
  2655 | D:4      | Slain by a slave

Skill      XL: |  1  2  3  4  5  6 |
---------------+-------------------+-----
Fighting       | 4 5 |  5.4
Axes           | 3 5 |  5.7
Dodging        | 1 2 3 |  3.1
Shields        | 4 |  4.8
Armour         | 4 5 |  5.0

Action                   |  1- 3 |  4- 6 |  7- 9 || total
-------------------------+-------+-------+-------++-------
Melee: War axe           |   109 |   116 |    12 ||   237
       Headbutt          |    12 |    19 |     4 ||    35
  Use: Scroll            |     8 |       |       ||     8
       Potion            |       |     1 |     5 ||     6
  Eat: Chunk             |     2 |     4 |       ||     6
Armor: Scale mail        |    55 |    50 |    11 ||   116
Dodge: Dodged            |    48 |    56 |     3 ||   107
Block: Shield            |    68 |    77 |    19 ||   164
